 Dungeon Crawl Stone Soup version 0.31-a0-848-gaac375c287 (webtiles) character file.

Game seed: 6906421772887073825

3785 TheGamechu the Thaumaturge (level 10, 0/63 (74) HPs)
             Began as a Gnoll Wanderer on Oct 5, 2023.
             Was an Initiate of Gozag.
             Slain by a wight
             ... wielding a +2 scimitar
              (7 damage)
             ... on level 8 of the Dungeon.
             The game lasted 00:25:46 (9896 turns).

TheGamechu the Thaumaturge (Gnoll Wanderer)         Turns: 9896, Time: 00:25:46

HP:   0/63 (74)     AC:  5    Str: 11    XL:     10   Next: 16%
MP:   24/24         EV: 14    Int: 16    God:    Gozag
Gold: 1507          SH:  0    Dex: 14    Spells: 22/30 levels left

rFire   + + .        F - +3 halberd (elec)
rCold   + . .        (shield currently unavailable)
rNeg    . . .        B - +1 robe of the Feral God {rCorr Dex+2}
rPois   .            (no helmet)
rElec   +            u - scarf {repulsion}
rCorr   +            t - +1 pair of gloves
SInv    .            (no boots)
Will    .....        (no amulet)
Stlth   +++          w - ring of resist corrosion
HPRegen 0.30/turn    E - ring "Hesihaz" {rElec rF++ rC+}
MPRegen 0.19/turn

%: repel missiles
@: heavily drained
A: fangs 1, strong nose, distributed training
a: Renounce Religion, Potion Petition, Call Merchant, Bribe Branch


You were on level 8 of the Dungeon.
You worshipped Gozag.
Gozag was most pleased with you.
You visited 1 branch of the dungeon, and saw 8 of its levels.
You also visited: Bailey.

You collected 1743 gold pieces.
You paid 236 gold pieces to Gozag.

Inventory:

Hand Weapons
 j - a +2 dagger of electrocution
 F - a +3 halberd of electrocution (weapon)
Missiles
 i - 6 boomerangs
 l - 65 stones
 q - 2 javelins
 r - 15 poisoned darts
 M - a throwing net
Armour
 t - a +1 pair of gloves (worn)
 u - a scarf of repulsion (worn)
 B - the +1 robe of the Feral God (worn) {rCorr Dex+2}
   (You found it on level 5 of the Dungeon)

   Dex+2:     It affects your dexterity (+2).
   rCorr:     It protects you from acid and corrosion.
 L - a +2 plate armour of poison resistance
Jewellery
 w - a ring of resist corrosion (left hand)
 y - a ring of protection from fire
 E - the ring "Hesihaz" (right hand) {rElec rF++ rC+}
   (You found it on level 6 of the Dungeon)

   [ring of protection from cold]

   rF++:      It greatly protects you from fire.
   rC+:       It protects you from cold.
   rElec:     It insulates you from electricity.
Wands
 d - a wand of flame (36)
 G - a wand of digging (5)
Scrolls
 b - 4 scrolls of teleportation
 c - a scroll of silence
 g - 2 scrolls of summoning
 k - 2 scrolls of enchant weapon
 s - a scroll of blinking
 C - a scroll of fog
 D - a scroll of vulnerability
 H - a scroll of brand weapon {unknown}
 J - a scroll of enchant armour {unknown}
 K - a scroll of noise {unknown}
Potions
 a - 2 potions of cancellation {unknown}
 e - 5 potions of invisibility {unknown}
 f - 4 potions of might {unknown}
 h - 3 potions of ambrosia {unknown}
 m - a potion of mutation {unknown}
 n - a potion of attraction {unknown}
 o - 5 potions of haste {unknown}
 p - 6 potions of heal wounds {unknown}
 v - 2 potions of resistance {unknown}
 x - 5 potions of curing {unknown}
 z - 2 potions of brilliance {unknown}
 A - a potion of degeneration {unknown}
 I - 4 potions of enlightenment {unknown}


   Skills:
 + Level 5.1 Fighting
 + Level 5.1 Short Blades
 + Level 5.1 Long Blades
 + Level 5.1 Axes
 + Level 5.1 Maces & Flails
 + Level 5.1 Polearms
 + Level 5.1 Staves
 + Level 5.1 Ranged Weapons
 + Level 5.1 Throwing
 + Level 5.1 Armour
 + Level 5.1 Dodging
 + Level 5.1 Stealth
 + Level 5.1 Shields
 + Level 5.1 Unarmed Combat
 + Level 10.6 Spellcasting
 + Level 4.2 Conjurations
 + Level 4.2 Hexes
 + Level 4.2 Summonings
 + Level 4.2 Necromancy
 + Level 4.2 Translocations
 + Level 4.2 Transmutations
 + Level 4.2 Fire Magic
 + Level 4.2 Ice Magic
 + Level 4.2 Air Magic
 + Level 4.2 Earth Magic
 + Level 9.8 Poison Magic
 + Level 5.6 Invocations
 + Level 5.8 Evocations
 + Level 4.6 Shapeshifting


You had 22 spell levels left.
You knew the following spells:

 Your Spells              Type           Power      Damage    Failure   Level
a - Sting                 Tmut/Pois      100%       1d8       1%          1
b - Mephitic Cloud        Conj/Pois/Air  28%        N/A       1%          3
c - Olgreb's Toxic Radia  Pois           39%        N/A       1%          4

Your spell library contained the following spells:

 Spells                   Type           Power      Damage    Failure   Level
 Cigotuvi's Dreadful Rot  Necr/Pois/Air  56%        N/A       1%          2
 Sublimation of Blood     Necr           22%        N/A       2%          2


Dungeon Overview and Level Annotations

Branches:
Dungeon (8/15)             Temple (0/1) D:5          Bailey (visited)
   Lair: D:8-11

Altars:
Gozag
Vehumet
Xom
Yredelemnul

Shops:
D:1 (   D:3 =   D:5 *

Annotations:
D:6 exclusion: statue


Innate Abilities, Weirdness & Mutations

You have very sharp teeth.
Your uncanny sense of smell can sniff out nearby items.
Your experience applies equally to all skills.


Message History

You completely miss the wight.
The wight is almost destroyed.
The wight hits you with a +4 long sword of freezing.
You feel drained.
You puncture the wight! Lightning courses through the wight!!
You destroy the wight!
The wight misses you.
You hit the wight but do no damage. You bite the wight, but do no damage.
The wight hits you with a +2 scimitar.
You feel drained.
You hit the wight. Your bite misses the wight.
The wight is lightly damaged.
The wight is distracted by your dazzling golden aura.
You barely miss the wight.
The wight is no longer distracted by gold.
The wight is lightly damaged.
The wight barely misses you.
You closely miss the wight. You bite the wight, but do no damage.
The wight is lightly damaged.
The wight misses you. The wight barely misses you.
You barely miss the wight.
The wight is lightly damaged.
The wight misses you.
You hit the wight. Lightning courses through the wight!
The wight is almost destroyed.
The wight closely misses you.
You closely miss the wight.
The wight is almost destroyed.
The wight hits you with a +2 scimitar!
You feel drained.
You barely miss the wight.
The wight is almost destroyed.
The wight misses you. The wight hits you with a +2 scimitar!
* * * LOW HITPOINT WARNING * * *
You feel drained.
* * * LOW HITPOINT WARNING * * *
Okay, then.
You barely miss the wight.
The wight is almost destroyed.
The wight hits you with a +2 scimitar!
You die...
Your body crumbles into a pile of gold.

#####...# ###.#
#.....#.## .$..
#.....#... ...
#.....###. #.<
##.....#... ..###
###........#. ∆...
.......[...#. #z#
#.......##. #@#
##.....###. #.#
##...## #.
#####.#########)##
#.
#...............#
#.
#.###.######....#
#. #.# #.##.# ##
#.# #.##.# # #..
#.##.# ### #.##.#


You could see a wight.

Vanquished Creatures
  A hornet (D:6)
  Grinder (D:6)
  Menkaure (D:4)
  5 water moccasins
  A black bear (D:6)
  An orc warrior (Bailey)
  A sky beast (D:6)
  7 ogres
  A centaur (D:7)
  2 phantoms
  A kobold brigand (D:7)
  3 bullfrogs
  A gnoll sergeant (D:8)
  2 scorpions
  2 wights (D:8)
  5 howler monkeys
  2 orc priests
  A gnoll bouda (D:8)
  2 hounds
  3 sleepcaps
  4 iguanas
  Ijyb (D:3)
  4 orc wizards
  22 gnolls
  10 adders
  A shadow imp (D:6)
  An ufetubus (D:6)
  A worm (D:3)
  2 dart slugs (D:4)
  34 orcs
  5 bats
  6 endoplasms
  6 giant cockroaches
  13 goblins
  5 hobgoblins
  12 kobolds
  6 quokkas
  5 ball pythons
  3 frilled lizards
  3 rats
187 creatures vanquished.

Notes
Turn   | Place    | Note
-------+----------+-------------------------------------------
     0 | D:1      | Reached skill level 9 in Spellcasting
     0 | D:1      | TheGamechu the Gnoll Wanderer began the quest for the Orb.
     0 | D:1      | TheGamechu set off with the following items: a +0 club, a
                  | scroll of teleportation, a +0 robe, a wand of flame (5);
                  | and the following spell memorised: Sting; and the following
                  | spells available to memorise: Olgreb's Toxic Radiance,
                  | Cigotuvi's Dreadful Rot, Mephitic Cloud, Sublimation of
                  | Blood.
     0 | D:1      | Reached XP level 1. HP: 13/13 MP: 10/10
   259 | D:1      | Found a faded altar of an unknown god.
   388 | D:1      | Found Vankuorezi's Weapon Emporium.
   408 | D:1      | Reached XP level 2. HP: 18/19 MP: 12/12
  1298 | D:2      | Reached XP level 3. HP: 15/25 MP: 13/13
  1386 | D:2      | Learned a level 3 spell: Mephitic Cloud
  1393 | D:2      | Reached skill level 1 in Invocations
  1450 | D:2      | Reached skill level 1 in Fighting
  1450 | D:2      | Reached skill level 1 in Short Blades
  1450 | D:2      | Reached skill level 1 in Long Blades
  1450 | D:2      | Reached skill level 1 in Axes
  1450 | D:2      | Reached skill level 1 in Maces & Flails
  1450 | D:2      | Reached skill level 1 in Polearms
  1450 | D:2      | Reached skill level 1 in Staves
  1450 | D:2      | Reached skill level 1 in Ranged Weapons
  1450 | D:2      | Reached skill level 1 in Throwing
  1450 | D:2      | Reached skill level 1 in Armour
  1450 | D:2      | Reached skill level 1 in Dodging
  1450 | D:2      | Reached skill level 1 in Stealth
  1450 | D:2      | Reached skill level 1 in Shields
  1450 | D:2      | Reached skill level 1 in Unarmed Combat
  1556 | D:2      | Reached skill level 1 in Shapeshifting
  1556 | D:2      | Reached XP level 4. HP: 32/32 MP: 11/15
  1965 | D:3      | Found Imont's Jewellery Boutique.
  1986 | D:3      | Reached skill level 1 in Conjurations
  1986 | D:3      | Reached skill level 1 in Hexes
  1986 | D:3      | Reached skill level 1 in Summonings
  1986 | D:3      | Reached skill level 1 in Necromancy
  1986 | D:3      | Reached skill level 1 in Translocations
  1986 | D:3      | Reached skill level 1 in Transmutations
  1986 | D:3      | Reached skill level 1 in Fire Magic
  1986 | D:3      | Reached skill level 1 in Ice Magic
  1986 | D:3      | Reached skill level 1 in Air Magic
  1986 | D:3      | Reached skill level 1 in Earth Magic
  2235 | D:3      | Noticed Ijyb
  2244 | D:3      | Killed Ijyb
  2245 | D:3      | Reached XP level 5. HP: 23/37 MP: 11/16
  3267 | D:4      | Found an opulent altar of Gozag.
  3429 | D:4      | Became a worshipper of Gozag Ym Sagoz the Greedy
  3450 | D:4      | Noticed Menkaure
  3460 | D:4      | Killed Menkaure
  3461 | D:4      | Reached XP level 6. HP: 29/44 MP: 16/18
  3892 | D:4      | Reached XP level 7. HP: 50/50 MP: 20/20
  4256 | D:5      | Entered Level 5 of the Dungeon
  4303 | D:5      | Found a shimmering altar of Xom.
  4332 | D:5      | Learned a level 4 spell: Olgreb's Toxic Radiance
  4390 | D:5      | Found a staircase to the Ecumenical Temple.
  5041 | D:5      | Found Zaokhlopn's CLEARANCE SALE!.
  5084 | D:5      | Found a basalt altar of Yredelemnul.
  5109 | D:5      | Reached XP level 8. HP: 45/57 MP: 8/21
  5330 | D:5      | Identified the +1 robe of the Feral God {rCorr Dex+2}
  5858 | D:6      | Found a radiant altar of Vehumet.
  5869 | D:6      | Reached skill level 10 in Spellcasting
  5927 | D:6      | Noticed a hornet
  5931 | D:6      | Killed a hornet
  6067 | D:6      | Reached XP level 9. HP: 25/65 MP: 20/23
  6322 | D:6      | Noticed Grinder
  6328 | D:6      | Paralysed by Grinder for 2 turns
  6348 | D:6      | Paralysed by Grinder for 2 turns
  6889 | D:6      | Identified the ring "Hesihaz" {rElec rF++ rC+}
  7168 | D:6      | Reached skill level 5 in Evocations
  7235 | D:6      | Killed Grinder
  7791 | D:7      | Found a flagged portal.
  7802 | Bailey   | Entered a bailey
  8144 | Bailey   | Reached skill level 5 in Invocations
  8819 | D:7      | Reached XP level 10. HP: 73/73 MP: 24/24
  8857 | D:7      | Reached skill level 5 in Fighting
  8857 | D:7      | Reached skill level 5 in Short Blades
  8857 | D:7      | Reached skill level 5 in Long Blades
  8857 | D:7      | Reached skill level 5 in Axes
  8857 | D:7      | Reached skill level 5 in Maces & Flails
  8857 | D:7      | Reached skill level 5 in Polearms
  8857 | D:7      | Reached skill level 5 in Staves
  8857 | D:7      | Reached skill level 5 in Ranged Weapons
  8857 | D:7      | Reached skill level 5 in Throwing
  8857 | D:7      | Reached skill level 5 in Armour
  8857 | D:7      | Reached skill level 5 in Dodging
  8857 | D:7      | Reached skill level 5 in Stealth
  8857 | D:7      | Reached skill level 5 in Shields
  8857 | D:7      | Reached skill level 5 in Unarmed Combat
  9896 | D:8      | Slain by a wight

Illustrated notes

Levels and vault maps discovered:
D:1:      heliophobic_arrival_glass_houses, layout_basic, serial_shops, shop,
          shapermc_ecumenical_altar_mp_ritualfount
D:2:      layout_basic, guppyfry_early_orc_mine
D:3:      layout_basic, serial_shops, shop, uniq_ijyb
D:4:      minmay_polygon_palace, layout_basic, amcnicky_altar_gilded,
          kennysheep_generic_room_9, uniq_menkaure
D:5:      layout_loops_ring, old_standard_altar, kennysheep_mini,
          minmay_temple_entry_hall, nicolae_shop_clearance
D:6:      kennysheep_six_static_rooms, layout_basic, vehumet_statue,
          uniq_grinder
D:7:      layout_gridville, enter_bailey_3
D:8:      layout_loops_ring

Skill      XL: |  1  2  3  4  5  6  7  8  9 10 |
---------------+-------------------------------+-----
Spellcasting   | 10 | 10.6
Invocations    | 1 2 3 4 5 |  5.6
Fighting       | 1 2 3 4 5 |  5.1
Short Blades   | 1 2 3 4 5 |  5.1
Long Blades    | 1 2 3 4 5 |  5.1
Axes           | 1 2 3 4 5 |  5.1
Maces & Flails | 1 2 3 4 5 |  5.1
Polearms       | 1 2 3 4 5 |  5.1
Staves         | 1 2 3 4 5 |  5.1
Ranged Weapons | 1 2 3 4 5 |  5.1
Throwing       | 1 2 3 4 5 |  5.1
Armour         | 1 2 3 4 5 |  5.1
Dodging        | 1 2 3 4 5 |  5.1
Stealth        | 1 2 3 4 5 |  5.1
Shields        | 1 2 3 4 5 |  5.1
Unarmed Combat | 1 2 3 4 5 |  5.1
Shapeshifting  | 1 2 3 4 |  4.6
Conjurations   | 1 2 3 4 |  4.2
Hexes          | 1 2 3 4 |  4.2
Summonings     | 1 2 3 4 |  4.2
Necromancy     | 1 2 3 4 |  4.2
Translocations | 1 2 3 4 |  4.2
Transmutations | 1 2 3 4 |  4.2
Fire Magic     | 1 2 3 4 |  4.2
Ice Magic      | 1 2 3 4 |  4.2
Air Magic      | 1 2 3 4 |  4.2
Earth Magic    | 1 2 3 4 |  4.2
Evocations     | 3 4 5 |  5.8
Poison Magic   | 9 |  9.8

Action                     |  1- 3 |  4- 6 |  7- 9 | 10-12 || total
---------------------------+-------+-------+-------+-------++-------
  Melee: Club              |    52 |       |       |       ||    52
         Bite              |     6 |     9 |    14 |     3 ||    32
         Punch             |     1 |     1 |     8 |       ||    10
         Dagger            |    41 |    65 |   136 |       ||   242
         Halberd           |       |       |    45 |    40 ||    85
   Cast: Sting             |    11 |    55 |    41 |       ||   107
         Mephitic Cloud    |     1 |     6 |    14 |       ||    21
         Olgreb's Toxic Ra |       |       |    46 |     7 ||    53
  Evoke: Wand              |       |       |     3 |       ||     3
    Use: Scroll            |       |       |     8 |       ||     8
   Stab: Sleeping          |     1 |     1 |    14 |     1 ||    17
         Confused          |     1 |     2 |     3 |       ||     6
 Armour: Robe              |    64 |    34 |    84 |    15 ||   197
  Dodge: Dodged            |    59 |    36 |    86 |    17 ||   198
         Repelled          |       |       |     1 |       ||     1

Table legend: (Time is in decaauts)
 A = Elapsed time spent in this place.
 B = Non-inter-level travel time spent in this place.
 C = Inter-level travel time spent in this place.
 D = Time resting spent in this place.
 E = Time spent auto-exploring this place.
 F = Levels seen in this place.
 G = Mean time per level.
                   A        B        C        D        E       F      G
               +--------+--------+--------+--------+--------+-----+--------+
         Total |   9907 |   9484 |    423 |    636 |   7358 |   9 | 1100.8 |
       Dungeon |   9271 |   8848 |    423 |    444 |   7035 |   8 | 1158.9 |
        Bailey |    635 |    635 |      0 |    192 |    323 |   1 |  635.0 |
               +--------+--------+--------+--------+--------+-----+--------+

Top non-repeatable levels by time:
     D:6: 2080 daAuts
     D:5: 1393 daAuts
     D:4: 1229 daAuts
     D:1: 1179 daAuts
     D:3: 1064 daAuts
     D:7: 940 daAuts
     D:2: 788 daAuts
  Bailey: 635 daAuts
     D:8: 594 daAuts
